 Dungeon Crawl Stone Soup version 0.21-a0-538-gd16b88a (webtiles) character file.

2667 Lavandula the Carver (level 9, -2/65 HPs)
             Began as a Mummy Chaos Knight on Dec 16, 2017.
             Slain by a warg (8 damage)
             ... on level 8 of the Dungeon.
             The game lasted 00:17:56 (7642 turns).

Lavandula the Carver (Mummy Chaos Knight)           Turns: 7642, Time: 00:17:57

Health: -2/65      AC:  8    Str: 15    XL:     9   Next: 37%
Magic:  9/9        EV: 12    Int: 12    God:    Xom [*.....]
Gold:   385        SH:  5    Dex: 14    Spells: 8/8 levels left

rFire    x . .     SeeInvis .   a - +0 falchion (chaos)
rCold    + . .     Gourm    .   s - +0 buckler
rNeg     + + +     Faith    .   b - +2 leather armour
rPois    ∞         Spirit   .   f - +1 helmet
rElec    .         Reflect  .   k - +0 cloak
rCorr    .         Harm     +   (no gloves)
MR       +....                  (no boots)
Stlth    +.........             h - amulet of harm
HPRegen  0.20/turn              (no ring)
MPRegen  0.11/turn              (no ring)

@: about to teleport
A: no food or potions, fire vulnerability, cold resistance 1, negative energy
resistance 3, torment resistance, unbreathing
a: Renounce Religion


You were on level 8 of the Dungeon.
You worshipped Xom.
You were a special plaything of Xom.
You were not hungry.

You visited 1 branch of the dungeon, and saw 8 of its levels.

You collected 385 gold pieces.

Inventory:

Hand Weapons
 a - a +0 falchion of chaos (weapon)
 j - a +4 quarterstaff of chaos
 m - a +1 short sword of venom
 q - a +1 dagger of venom
Armour
 b - a +2 leather armour (worn)
 f - a +1 helmet (worn)
 k - a +0 cloak (worn)
 s - a +0 buckler (worn)
Jewellery
 h - an amulet of harm (around neck)
Wands
 o - a wand of iceblast (11)
Scrolls
 c - 6 scrolls of amnesia
 d - 3 scrolls of teleportation
 e - 2 scrolls of blinking
 g - 2 scrolls of magic mapping
 i - 4 scrolls of remove curse
 p - 3 scrolls of identify
 r - a scroll of torment
Books
 n - a book of Conjurations

   Spells                             Type                      Level
   a - Magic Dart                     Conjuration                  1
   b - Searing Ray                    Conjuration                  2
   c - Dazzling Spray                 Conjuration/Hexes            3
   d - Fulminant Prism                Conjuration/Hexes            4
   e - Force Lance                    Conjuration/Translocation    4
   f - Iskenderun's Mystic Blast      Conjuration                  4


   Skills:
 - Level 4.0 Fighting
 + Level 9.3 Long Blades
 - Level 1.5 Armour
 - Level 2.0 Dodging
 - Level 5.0 Shields


You had 8 spell levels left.
You didn't know any spells.

Dungeon Overview and Level Annotations

Branches:
Dungeon (8/15)             Temple (0/1) D:4
   Lair: D:8-11

Altars:
Fedhas
Kikubaaqudgha
Sif Muna
Uskayaw
Xom


Innate Abilities, Weirdness & Mutations

You do not eat or drink.
Your flesh is vulnerable to fire.
You are immune to poison.
Your flesh is cold resistant. (rC+)
You are immune to negative energy. (rN+++)
You are immune to unholy pain and torment.
You can survive without breathing.


Message History

Deactivating autopickup; reactivate with Ctrl-A.
Something bites you but does no damage.
Okay, then.
As you read the scroll of fear, it crumbles to dust.
You assume a fearsome visage.
The orc looks frightened! x2
The orc wizard looks frightened!
The orc looks frightened!
The orc wizard casts a spell.
The orc wizard blinks!
The orc wizard casts a spell.
The orc wizard blinks!
The orc prays for help.
Found a scroll of teleportation.
Found a deep blue altar of Sif Muna.
Something bites you! Something bites you but does no damage.
Something barely misses you.
As you read the scroll of teleportation, it crumbles to dust.
You feel strangely unstable. Something bites you!
* * * LOW HITPOINT WARNING * * *
Something bites you!
You die...

.........#......
#.#
........o########
#.#
.......o.)o({...#
......##.######.#
...... ##### #.#
......##...## #.#
....##.....###.#
... #.......##.#
#..._@{....#
#......?#..#
##.....###.#
##...##...#
##########


There were no monsters in sight!

Vanquished Creatures
  A centaur zombie (D:6)
  The ghost of nono the Ducker, an amateur DEFi (D:3)
  2 wargs
  A black bear (D:6)
  A phantom (D:4)
  A boggart (D:7)
  A centaur (shapeshifter) (D:7)
  A centaur (D:8)
  4 bullfrogs
  Blork the orc (D:4)
  4 scorpions
  2 howler monkeys
  A crimson imp (D:6)
  2 hounds
  A jelly (D:6)
  3 orc priests
  Crazy Yiuf (D:4)
  A bullfrog skeleton (D:5)
  An iguana (D:4)
  Natasha (twice) (D:3)
  7 orc wizards
  6 worker ants
  A hound skeleton (D:4)
  An adder (D:2)
  2 howler monkey skeletons
  2 oozes (D:1)
  2 adder skeletons
  A worm (D:4)
  4 dart slugs
  5 leopard geckos
  22 orcs
  2 ball pythons
  3 bats
  5 giant cockroaches
  11 goblins
  4 hobgoblins
  2 quokkas
  11 frilled lizards
  A jackal skeleton (D:4)
  8 kobolds
  9 rats
  A fungus (D:4)
142 creatures vanquished.

Vanquished Creatures (others)
  Sigmund (D:4)
  An orc wizard (D:5)
2 creatures vanquished.

Grand Total: 144 creatures vanquished

Notes
Turn   | Place    | Note
-------+----------+-------------------------------------------
     0 | D:1      | Lavandula the Mummy Chaos Knight began the quest for the Orb.
     0 | D:1      | Reached XP level 1. HP: 18/18 MP: 1/1
    35 | D:1      | Reached skill level 3 in Long Blades
    35 | D:1      | Reached XP level 2. HP: 24/24 MP: 2/2
   141 | D:1      | XOM: harmless Necr miscast
   287 | D:1      | Reached XP level 3. HP: 29/29 MP: 3/3
   290 | D:1      | XOM: silly message
   469 | D:1      | XOM: mild Tloc miscast
   480 | D:1      | XOM: harmless Pois miscast
   800 | D:2      | XOM: harmless Erth miscast
   827 | D:2      | XOM: summons 3 hostile shadow creatures
   887 | D:2      | XOM: silly message
   889 | D:2      | XOM: god gift: 56 gold pieces
   895 | D:2      | XOM: 5-stop teleportation journey
   974 | D:2      | XOM: divination: detect items
  1263 | D:2      | Reached skill level 4 in Long Blades
  1269 | D:2      | XOM: divination: detect creatures
  1270 | D:2      | XOM: harmless Air miscast
  1378 | D:3      | Noticed nono's ghost (amateur DEFi)
  1394 | D:3      | Killed nono's ghost
  1394 | D:3      | Reached skill level 5 in Long Blades
  1394 | D:3      | Reached XP level 4. HP: 23/35 MP: 4/4
  1394 | D:3      | Reached XP level 5. HP: 27/41 MP: 5/5
  1411 | D:3      | XOM: divination: magic mapping
  1520 | D:3      | Found a hide-covered altar of Uskayaw.
  1528 | D:3      | XOM: medium Air miscast
  1533 | D:3      | Found a blossoming altar of Fedhas.
  1695 | D:3      | XOM: 1-stop teleportation journey
  1894 | D:3      | Noticed Natasha
  1895 | D:3      | XOM: noise
  1896 | D:3      | Killed Natasha
  1956 | D:3      | Noticed Natasha
  1959 | D:3      | Killed Natasha
  1959 | D:3      | Reached XP level 6. HP: 44/47 MP: 6/6
  2757 | D:4      | XOM: fake destruction
  2760 | D:4      | XOM: divination: detect creatures
  2769 | D:4      | Reached skill level 6 in Long Blades
  2933 | D:4      | XOM: fake destruction
  2969 | D:4      | XOM: blink monster(s)
  2986 | D:4      | XOM: scenery: create altars
  3096 | D:4      | Noticed Blork the orc
  3118 | D:4      | Found a runed door.
  3122 | D:4      | Noticed Crazy Yiuf
  3127 | D:4      | Killed Crazy Yiuf
  3208 | D:4      | XOM: cast spell 'Ring of Flames'
  3212 | D:4      | Killed Blork the orc
  3212 | D:4      | Reached XP level 7. HP: 43/52 MP: 7/7
  3247 | D:4      | XOM: medium Pois miscast
  3252 | D:4      | Reached skill level 7 in Long Blades
  3281 | D:4      | Found a staircase to the Ecumenical Temple.
  3359 | D:4      | XOM: smoke on damage
  3480 | D:4      | XOM: polymorph goblin -> dart slug
  3677 | D:4      | Noticed Sigmund
  3683 | D:4      | XOM: medium Air miscast
  3685 | D:4      | Killed Sigmund
  3748 | D:4      | XOM: noise
  4076 | D:5      | Entered Level 5 of the Dungeon
  4167 | D:5      | XOM: swap monsters
  4225 | D:5      | XOM: summons friendly shadow imp
  4441 | D:5      | Reached skill level 1 in Dodging
  4981 | D:6      | Reached skill level 1 in Shields
  4981 | D:6      | Reached XP level 8. HP: 51/58 MP: 8/8
  4984 | D:6      | Found an ancient bone altar of Kikubaaqudgha.
  5083 | D:6      | XOM: scenery: create altars
  5098 | D:6      | XOM: god gift: scroll of amnesia
  5323 | D:6      | Reached skill level 5 in Shields
  5585 | D:6      | XOM: destruction
  5766 | D:6      | XOM: cloud trail
  5795 | D:7      | Reached skill level 8 in Long Blades
  5802 | D:7      | XOM: 1-stop teleportation journey
  5859 | D:7      | XOM: 2-stop teleportation journey
  5860 | D:7      | Noticed a hippogriff
  5861 | D:7      | Noticed a troll
  5861 | D:7      | a hippogriff changed into a troll
  5861 | D:7      | XOM: polymorph hippogriff -> troll
  5865 | D:7      | Noticed a polar bear
  5865 | D:7      | a troll changed into a polar bear
  5868 | D:7      | XOM: enchant monster (good)
  5959 | D:7      | Reached XP level 9. HP: 65/65 MP: 9/9
  6012 | D:7      | XOM: god gift: scroll labeled ZIBBORA SAYDDO {god gift}
  6579 | D:7      | XOM: 1-stop teleportation journey
  6591 | D:7      | XOM: scenery: create altars
  6787 | D:7      | XOM: god gift: short runed staff {god gift}
  7170 | D:7      | XOM: scenery: create altars
  7336 | D:7      | XOM: scenery: create altars
  7434 | D:8      | XOM: scenery: create altars
  7462 | D:8      | XOM: enchant monster (bad)
  7548 | D:8      | XOM: mild Ice miscast
  7565 | D:8      | XOM: 1-stop teleportation journey
  7566 | D:8      | Noticed a troll
  7586 | D:8      | XOM: mild Tloc miscast
  7594 | D:8      | Reached skill level 9 in Long Blades
  7631 | D:8      | Found a deep blue altar of Sif Muna.
  7642 | D:8      | Slain by a warg

Vault maps used:
D:1:      doesnt_arrival_eight_statues, serial_glass, glass_columns_a,
          glass_columns_a, eino_curves_02
D:2:      first_bread, minmay_lizard_pond
D:3:      amethyst_overflow_temple_binary, uniq_natasha
D:4:      minmay_temple_entry_large_hall, serial_bayou, serial_bayou_pond_e,
          serial_bayou_lake_a, serial_bayou_ford_a, serial_bayou_pond_a,
          st_stairs_6, minmay_goblin_outpost, uniq_crazy_yiuf_cottage,
          uniq_blork_the_orc, uniq_sigmund
D:6:      nicolae_overflow_crystal_walls, minmay_misc_feat_iff
D:8:      lemuel_round_altar, erik_lair_orcish_takeover, the_bakery, uniq_erica

Skill      XL: |  1  2  3  4  5  6  7  8  9 |
---------------+----------------------------+-----
Long Blades    | 3 5 6 7 8 9 |  9.3
Dodging        | 2 |  2.0
Shields        | 1 5 |  5.0
Fighting       | 4 |  4.0
Armour         | |  1.5

Action                   |  1- 3 |  4- 6 |  7- 9 || total
-------------------------+-------+-------+-------++-------
Melee: Falchion          |   132 |    79 |   372 ||   583
  Use: Scroll            |     4 |     2 |     9 ||    15
 Stab: Sleeping          |       |     1 |       ||     1
       Paralysed         |       |       |    14 ||    14
       Petrifying        |       |       |     1 ||     1
Armor: Leather armour    |    61 |    25 |   100 ||   186
Dodge: Dodged            |    73 |    33 |   144 ||   250
Block: Buckler           |       |       |    22 ||    22
       Rpst.: Falchion   |    30 |    15 |    50 ||    95

Table legend:
 A = Spawn XP
 B = Non-spawn XP
 C = Spawn XP percentage of total XP
 D = Spawn monster count
 E = Non-spawn monster count
 F = Spawn count percentage of total count
 G = Total turns spent on level
                    A         B        C        D         E        F      G
               +---------+---------+-------+---------+---------+-------+---------
         Total |       0 |    3811 |   0.0 |       0 |     143 |   0.0 |  7642
               +---------+---------+-------+---------+---------+-------+---------
           D:1 |       0 |      57 |   0.0 |       0 |      25 |   0.0 |   758
           D:2 |       0 |      32 |   0.0 |       0 |      15 |   0.0 |   615
           D:3 |       0 |     330 |   0.0 |       0 |      17 |   0.0 |  1370
           D:4 |       0 |     733 |   0.0 |       0 |      31 |   0.0 |  1465
           D:5 |       0 |     264 |   0.0 |       0 |      19 |   0.0 |   754
           D:6 |       0 |    1179 |   0.0 |       0 |      17 |   0.0 |   813
           D:7 |       0 |     733 |   0.0 |       0 |      10 |   0.0 |  1636
           D:8 |       0 |     483 |   0.0 |       0 |       9 |   0.0 |   231
               +---------+---------+-------+---------+---------+-------+---------
